 Dungeon Crawl Stone Soup version 0.21.0 (webtiles) character file.

6 tidbits the Sneak (level 1, 10/11 HPs)
             Began as an Octopode Air Elementalist on Jan 7, 2018.
             Quit the game on level 1 of the Dungeon.
             The game lasted 00:00:59 (67 turns).

tidbits the Sneak (Octopode Air Elementalist)         Turns: 67, Time: 00:01:00

Health: 10/11      AC:  1    Str:  7    XL:     1   Next: 90%
Magic:  2/3        EV: 13    Int: 17    God:
Gold:   38         SH:  0    Dex: 12    Spells: 3/4 levels left

rFire    . . .     SeeInvis .   e - -3 whip (curse)
rCold    . . .     Gourm    .   (no shield)
rNeg     . . .     Faith    .   (helmet restricted)
rPois    .         Spirit   .   (no amulet)
rElec    .         Reflect  .   (no ring)
rCorr    .         Harm     .   (no ring)
MR       .....                  (no ring)
Stlth    +++.......             (no ring)
HPRegen  0.03/turn              (no ring)
MPRegen  0.08/turn              (no ring)
                                (no ring)
                                (no ring)

@: very slightly contaminated
A: almost no armour, stealthy swim, amphibious, 8 rings, constrict 8, camouflage
1, gelatinous body 1
a: no special abilities


You were on level 1 of the Dungeon.
You were not hungry.

You visited 1 branch of the dungeon, and saw 1 of its levels.

You collected 38 gold pieces.

Inventory:

Hand Weapons
 e - a cursed -3 whip (weapon)
Scrolls
 d - a scroll of amnesia
Potions
 c - a potion of curing {unknown}
Books
 a - a book of Air

   Spells                             Type                      Level
   a - Shock                          Conjuration/Air              1
   b - Swiftness                      Charms/Air                   2
   c - Static Discharge               Conjuration/Air              3
   d - Airstrike                      Air                          4
   e - Lightning Bolt                 Conjuration/Air              5
Comestibles
 b - a ration


   Skills:
 - Level 2.0 Dodging
 + Level 3.6 Stealth
 - Level 2.0 Spellcasting
 - Level 1.0 Conjurations
 - Level 3.0 Air Magic


You had 3 spell levels left.
You knew the following spells:

 Your Spells              Type           Power        Failure   Level  Hunger
a - Shock                 Conj/Air       #...         9%          1    #......


Dungeon Overview and Level Annotations

Branches:
Dungeon (1/15)

Altars:


Innate Abilities, Weirdness & Mutations

You cannot wear most types of armour.
You are very stealthy in the water. (Stealth+)
You are amphibious.
You can wear up to eight rings at the same time.
You can use your tentacles to constrict eight enemies at once.
Your skin changes colour to match your surroundings (Stealth+).
Your rubbery body absorbs attacks. (AC +1, EV +1)


Message History

Huh?
Sorry, you're not good enough to have a special ability.
Adjust (i)tems, (s)pells, or (a)bilities?
Adjust which spell? z - Shock Adjust to which letter? a - Shock A leopard gecko comes into view.
Found a scroll labeled CIAN PODOCUE.
You see here a fuming inky potion.
c - a fuming inky potion A bat comes into view.
Casting: Shock
Confirm with . or Enter, or press ? or * to list all spells.
Aiming: Shock
Press: ? - help, Shift-Dir - straight line, f - leopard gecko
Aim: a leopard gecko (resting)
The zap hits the leopard gecko.
The leopard gecko is heavily wounded.
The leopard gecko hisses angrily.
The bat moves out of view.
Casting: Shock
Confirm with . or Enter, or press ? or * to list all spells.
Aiming: Shock
Press: ? - help, Shift-Dir - straight line, f/p - leopard gecko
Aim: a leopard gecko (heavily wounded, clinging)
The zap hits the leopard gecko.
You kill the leopard gecko!
Your Stealth skill increases to level 3!
Found a pair of gloves.
Casting: Shock
Confirm with . or Enter, or press ? or * to list all spells.
Aiming: Shock
Press: ? - help, Shift-Dir - straight line, f - bat
Aim: a bat The zap misses the bat.
Casting: Shock
Confirm with . or Enter, or press ? or * to list all spells.
You don't have enough magic to cast that spell.
You barely miss the bat. Your grab misses the bat.
The bat closely misses you. x2
You closely miss the bat. Your grab misses the bat.
The bat hits you but does no damage.
Casting: Shock
Confirm with . or Enter, or press ? or * to list all spells.
You don't have enough magic to cast that spell.
You barely miss the bat. You grab the bat. You squeeze the bat.
You kill the bat!
A hobgoblin comes into view. It is wielding a club.
Found 15 gold pieces.
Found a stone staircase leading down.
Found 14 gold pieces and a scroll labeled CIAN PODOCUE.
d - a scroll labeled CIAN PODOCUE You now have 15 gold pieces.
You now have 29 gold pieces (gained 14).
d - 2 scrolls labeled CIAN PODOCUE (gained 1)
A dart slug comes into view.
Found 9 gold pieces.
You tentacle-slap the dart slug. You grab the dart slug.
The dart slug is lightly wounded.
You constrict the dart slug. The dart slug barely misses you.
You tentacle-slap the dart slug.
The dart slug is moderately wounded.
You constrict the dart slug.
Casting: Shock
Confirm with . or Enter, or press ? or * to list all spells.
Aiming: Shock
Press: ? - help, Shift-Dir - straight line You miscast Shock.
You are very lightly contaminated with residual magic.
You smell something strange.
You constrict the dart slug. The dart slug bites you.
Casting: Shock
Confirm with . or Enter, or press ? or * to list all spells.
Aiming: Shock
Press: ? - help, Shift-Dir - straight line You miscast Shock.
Nothing appears to happen.
You constrict the dart slug. The dart slug closely misses you.
You tentacle-slap the dart slug.
The dart slug is almost dead.
You constrict the dart slug.
You kill the dart slug!
You now have 38 gold pieces (gained 9).
A hobgoblin comes into view.
A hobgoblin comes into view.
Found 10 gold pieces.
Found a runed whip.
A goblin comes into view. It is wielding a dagger.
You see here a runed whip.
e - a runed whip Wield which item (- for none, * to show all)? (? for menu, Esc to quit)
It sticks to your tentacle!
e - a cursed -3 whip (weapon)
As you read the scroll labeled CIAN PODOCUE, it crumbles to dust.
It is a scroll of amnesia.
Okay, then.
Unknown command.
Okay, then.
Unknown command.
Unknown command.
Are you sure you want to abandon this character and quit the game? (Confirm with "yes".)

..# .. #.# #..
.. #g## #..#
#@# #.# #.# #.#
. #.# ##.
####.#### #..
#.......# #.#
#.......# #.#
#.......#######
#.#


You could see a goblin.

Vanquished Creatures
  A dart slug (D:1)
  A leopard gecko (D:1)
  A bat (D:1)
3 creatures vanquished.

Notes
Turn   | Place    | Note
-------+----------+-------------------------------------------
     0 | D:1      | tidbits the Octopode Air Elementalist began the quest for the Orb.
     0 | D:1      | Reached XP level 1. HP: 11/11 MP: 3/3
     7 | D:1      | Reached skill level 3 in Stealth
    67 | D:1      | Quit the game

Skill      XL: |  1 |
---------------+----+-----
Stealth        | 3 |  3.6
Dodging        | |  2.0
Spellcasting   | |  2.0
Conjurations   | |  1.0
Air Magic      | |  3.0

Action                   || total
-------------------------++-------
Melee: Unarmed           ||     6
       Constrict         ||     2
       Tentacles         ||     1
 Cast: Shock             ||     3
  Use: Scroll            ||     1
Armor: Skin              ||     1
Dodge: Dodged            ||     4

Table legend:
 A = Turns spent in this place as a percentage of turns spent in the entire game.
 B = Non-inter-level travel turns spent in this place as a percentage of non-inter-level travel turns spent in the entire game.
 C = Inter-level travel turns spent in this place as a percentage of turns spent in this place.
 D = Turns resting spent in this place as a percentage of non-inter-level travel turns spent in this place.
 E = Turns spent auto-exploring this place as a percentage of non-inter-level travel turns spent in this place.
 F = Non-inter-level travel turns spent in this place divided by the number of levels of this place that you've seen.
                   A       B       C       D       E      F
               +-------+-------+-------+-------+-------+----------------------
         Total | 100.0 | 100.0 |   0.0 |   0.0 |   0.0 |  67.0
       Dungeon | 100.0 | 100.0 |   0.0 |   0.0 |   0.0 |  67.0
               +-------+-------+-------+-------+-------+----------------------

Table legend:
 A = Kills in this place as a percentage of kills in entire the game.
 B = Kills by you in this place as a percentage of kills by you in the entire game.
 C = Kills by friends in this place as a percentage of kills by friends in the entire game.
 D = Other kills in this place as a percentage of other kills in the entire game.
 E = Experience gained in this place as a percentage of experience gained in the entire game.
 F = Experience gained in this place divided by the number of levels of this place that you have seen.
                   A       B       C       D       E      F
               +-------+-------+-------+-------+-------+----------------------
         Total | 100.0 | 100.0 |   N/A |   N/A | 100.0 |   9.0
       Dungeon | 100.0 | 100.0 |   N/A |   N/A | 100.0 |   9.0
               +-------+-------+-------+-------+-------+----------------------

Vault maps used:
D:1:      roderic_chinese_lattice_arrival
